Match 42420290
Unlisted

Match 42420290
End
Scout Squad
Construct Weapon Support Center
M1919 Machine Gun Team
M1919 Machine Gun Team
Engineer Squad
Infantry Support Center
M3 Armored Personnel Carrier
Selects Heavy Weapons
Selects Assault Carriers
Selects Assault Carriers
Construct Barracks
M1919 Machine Gun Team
M3 Assault Carrier
Construct Motor Pool
Selects Exchangeable Parts
M1 Anti-tank Gun Team
Selects M2HB .50cal Heavy Machine Gun
M8 Greyhound Armored Car
Riflemen Squad
M1 Anti-tank Gun Team
Riflemen Squad
M24 Chaffee Light Tank
M1919 Machine Gun Team
Mortar Pit
Riflemen Squad
M1918 Browning Automatic Rifles
Construct Tank Depot
M1 Anti-tank Gun Team
Grenade Package
Selects M26 Pershing Heavy Tank
M26 Pershing Heavy Tank
M1 Anti-tank Gun Team
Selects Gallant Stand
Engineer Squad
Construct Tank Depot
M18 Hellcat Tank Destroyer
Selects Black Dragon Artillery Barrage
Black Dragon Artillery Barrage
M18 Hellcat Tank Destroyer
M18 Hellcat Tank Destroyer
M1 Anti-tank Gun Team
GluteusMaximus
Svin
Saueee
rlclemares
0
0

Comments sign in to comment!

No comments posted yet!